 Dungeon Crawl Stone Soup version 0.23-a0-484-g29ba69c (webtiles) character file.

694 mopl the Caller (level 7, -5/45 (46) HPs)
             Began as a Barachi Summoner on Nov 30, 2018.
             Shot with an arrow by a centaur (13 damage)
             ... on level 6 of the Dungeon.
             The game lasted 00:11:51 (5888 turns).

mopl the Caller (Barachi Summoner)                  Turns: 5888, Time: 00:11:52

HP:   -5/45 (46)    AC:  3    Str: 10    XL:     7   Next: 64%
MP:   11/15         EV: 13    Int: 17    God:
Gold: 125           SH:  0    Dex: 15    Spells: 3/17 levels left

rFire    + . .     SeeInvis .   A - +1 flail (venom)
rCold    . . .     Gourm    .   (no shield)
rNeg     . . .     Faith    .   x - +0 robe "Tougg" {rF+ Dex+3}
rPois    .         Spirit   .   w - +0 helmet
rElec    .         Reflect  .   (no cloak)
rCorr    .         Harm     .   (no gloves)
MR       +....                  (no boots)
Stlth    ++........             (no amulet)
HPRegen  0.00/turn              z - ring of protection from magic
MPRegen  0.14/turn              (no ring)

@: non-regenerating, mildly diseased, slow
A: +LOS, swims, slowness 1, strong legs 1
a: Hop


You were on level 6 of the Dungeon.
You were not hungry.

You visited 2 branches of the dungeon, and saw 7 of its levels.
You also visited: Sewer.

You collected 290 gold pieces.
You spent 165 gold pieces at shops.

Inventory:

Hand Weapons
 d - a +2 mace of protection
 q - a +0 blowgun
 v - the +1 war axe "Lihecuuh" {chop, Str+3}
   (You found it on level 5 of the Dungeon)

   It inflicts extra damage upon your enemies.
   It affects your strength (+3).
 A - a +1 flail of venom (weapon)
Missiles
 o - 12 tomahawks (quivered)
 r - 6 poisoned needles
Armour
 a - a +1 robe
 w - a +0 helmet (worn)
 x - the +0 robe "Tougg" (worn) {rF+ Dex+3}
   (You bought it in a shop on level 5 of the Dungeon)

   It affects your dexterity (+3).
   It protects you from fire.
Magical Staves
 y - an uncursed staff of poison {!a}
Jewellery
 z - a ring of protection from magic (left hand)
Scrolls
 b - a scroll of fear {unknown}
 f - a scroll of enchant armour
 g - a scroll of remove curse
 h - a scroll of enchant weapon {unknown}
 j - a scroll of immolation {unknown}
 l - 3 scrolls of teleportation
 p - a scroll of fog {unknown}
 t - 2 scrolls of blinking {unknown}
 B - a scroll of magic mapping {unknown}
 C - a scroll of amnesia {unknown}
Potions
 e - 4 potions of curing
 i - a potion of brilliance
 k - 2 potions of heal wounds
 m - 2 potions of might {unknown}
 n - 3 potions of ambrosia {unknown}
 s - 2 potions of flight {unknown}
 u - a potion of haste {unknown}
 D - 2 potions of magic {unknown}
 E - a potion of lignification {unknown}
Comestibles
 c - 12 rations


   Skills:
 - Level 2.1 Dodging
 - Level 1.7 Stealth
 * Level 5.5 Spellcasting
 * Level 7.9 Summonings
 + Level 3.2 Ice Magic
 + Level 1.9 Air Magic


You had 3 spell levels left.
You knew the following spells:

 Your Spells              Type           Power        Failure   Level  Hunger
a - Summon Small Mammal   Summ           ####         1%          1    None
b - Call Imp              Summ           ####....     1%          2    #......
c - Call Canine Familiar  Summ           ####....     1%          3    ##.....
d - Summon Ice Beast      Ice/Summ       ###.....     14%         4    ####...
f - Summon Lightning Spi  Summ/Air       ###.....     19%         4    ####...

Your spell library contained the following spells:

 Spells                   Type           Power        Failure   Level  Hunger
 Summon Guardian Golem    Hex/Summ       ###.....     9%          3    ##.....


Dungeon Overview and Level Annotations

Branches:
Dungeon (6/15)             Temple (1/1) D:5

Altars:
Ashenzari
Cheibriados
Dithmenos
Elyvilon
Gozag
Hepliaklqana
Makhleb
Nemelex Xobeh
Okawaru
Ru
Trog
Vehumet
Wu Jian
Xom
Yredelemnul
Zin
The Shining One

Shops:
D:5 [


Innate Abilities, Weirdness & Mutations

Shadows flee at your approach. (+LOS)
You can swim through water.
You cover ground slowly.
You can hop short distances.


Message History

The centaur shouts!
The centaur wields a +0 shortbow.
The centaur shoots an arrow.
The arrow hits you!!
The centaur shoots an arrow.
The arrow hits you!
* * * LOW HITPOINT WARNING * * *
You see here 2 arrows.
Unknown command.
The centaur shoots an arrow.
The arrow hits you.
* * * LOW HITPOINT WARNING * * *
The centaur shoots an arrow.
The arrow completely misses you.
You see here 2 arrows.
The centaur shoots an arrow.
The arrow hits you.
* * * LOW HITPOINT WARNING * * *
You see here an arrow.
A water moccasin zombie comes into view.
The centaur shoots an arrow.
The arrow barely misses you.
Casting: Call Canine Familiar (safe; 1% risk of failure)
Confirm with . or Enter, or press ? or * to list all spells.
A chill wind blows around you.
The centaur shoots an arrow.
The arrow closely misses you.
The centaur shoots an arrow.
The arrow hits you!
You die...

###### #....#
###########....#######
###........##..........##
#........<...##..........
#.#..........##.....(....
#......Y.....##..........
#......(.(...##..........
##....(#@....##..........
#.....#.....##..........
#.....#......#..........
#.....(......########.#.
#####........# ####...
#.......)#####......
#.##.....Z..##......
.c..#........##....#.
#....#.......†....#.#.


You could see a centaur, a water moccasin zombie and a friendly ice beast.

Vanquished Creatures
  An ice beast (D:3)
  A bullfrog (D:6)
  An orc priest (D:4)
  2 worker ants
  A howler monkey zombie (D:5)
  3 adders
  A river rat (Sewer)
  3 worms
  2 dart slugs
  4 leopard geckos
  4 orcs
  3 giant cockroaches
  11 goblins
  5 hobgoblins
  8 jackals
  6 kobolds
  5 quokkas
  3 ball pythons
  6 bats
  11 frilled lizards (D:1)
  7 rats
88 creatures vanquished.

Vanquished Creatures (collateral kills)
  Edmund (D:4)
  2 necrophages (D:6)
  A big kobold (Sewer)
  A hound (D:5)
  A jelly (D:5)
  2 orc wizards
  3 worker ants
  5 adders
  A river rat (Sewer)
  A leopard gecko (D:6)
  10 orcs
  4 hobgoblins
  A jackal (D:4)
  5 kobolds
  A bat (D:2)
  A rat (Sewer)
40 creatures vanquished.

Grand Total: 128 creatures vanquished

Notes
Turn   | Place    | Note
-------+----------+-------------------------------------------
     0 | D:1      | mopl the Barachi Summoner began the quest for the Orb.
     0 | D:1      | Reached XP level 1. HP: 13/13 MP: 3/3
   220 | D:1      | Reached skill level 5 in Summonings
   227 | D:1      | Reached XP level 2. HP: 13/19 MP: 3/5
   432 | D:1      | Learned a level 2 spell: Call Imp
   727 | D:1      | Reached XP level 3. HP: 24/24 MP: 7/7
   735 | D:1      | Reached skill level 3 in Spellcasting
   835 | D:1      | Learned a level 3 spell: Call Canine Familiar
  1787 | D:2      | Reached XP level 4. HP: 30/30 MP: 2/9
  1952 | D:2      | Learned a level 4 spell: Summon Ice Beast
  2032 | D:2      | Reached skill level 6 in Summonings
  2446 | D:3      | Found a glowing drain.
  2500 | D:3      | Reached XP level 5. HP: 27/35 MP: 2/10
  2549 | Sewer    | Entered a sewer
  2562 | Sewer    | Reached skill level 1 in Ice Magic
  2604 | Sewer    | Noticed a big kobold
  2619 | Sewer    | Killed a big kobold
  2619 | Sewer    | Reached skill level 4 in Spellcasting
  2702 | Sewer    | Found a glowing silver altar of Zin.
  2985 | D:3      | Noticed an ice beast
  3011 | D:3      | Killed an ice beast
  3011 | D:3      | Reached XP level 6. HP: 21/41 MP: 1/12
  3144 | D:3      | Learned a level 4 spell: Summon Lightning Spire
  3364 | D:4      | Reached skill level 2 in Ice Magic
  3457 | D:4      | Reached skill level 7 in Summonings
  3633 | D:4      | You fall through a shaft!
  3633 | D:5      | Entered Level 5 of the Dungeon
  3661 | D:5      | Got an ichor-stained war axe
  3726 | D:5      | Identified the cursed +1 war axe "Lihecuuh" {chop, Str+3}
                  | (You found it on level 5 of the Dungeon)
  3743 | D:5      | Found an opulent altar of Gozag.
  3863 | D:4      | Noticed Edmund
  3891 | D:5      | Found a staircase to the Ecumenical Temple.
  3911 | Temple   | Entered the Ecumenical Temple
  4129 | D:5      | Found Cuptint's Antique Armour Shop.
  4132 | D:5      | Bought a creamy pearl robe for 165 gold pieces
  4142 | D:5      | Identified the cursed +0 robe "Tougg" {rF+ Dex+3} (You
                  | bought it in a shop on level 5 of the Dungeon)
  4646 | D:4      | Killed Edmund
  4646 | D:4      | Reached skill level 5 in Spellcasting
  4646 | D:4      | Reached skill level 1 in Air Magic
  4646 | D:4      | Reached XP level 7. HP: 46/46 MP: 3/14
  5623 | D:6      | Found a shattered altar of Ashenzari.
  5657 | D:6      | Reached skill level 3 in Ice Magic
  5888 | D:6      | Shot with an arrow by a centaur

Vault maps used:
D:1:      dpeg_arrival_three_bigger_balls, minmay_lizard_king
D:2:      wander_river, serial_corexii_hall, corexii_hall_statues_l,
          chequers_hall_statues_y, chequers_hall_statues_y,
          chequers_hall_statues_wall_a
D:3:      gup_sewer_entry_glass, first_ration
D:4:      uniq_edmund
D:5:      minmay_temple_entry_drinking_statues, serial_shops,
          kennysheep_mini_moat, grunt_gozag_statues
D:6:      minmay_octagon_keep, ashenzari_altar_1, minmay_misc_feat_nine_boxes,
          uniq_menkaure
Temple:   regret_index_temple_sphere_string
Sewer:    sewer_kobolds

Skill      XL: |  1  2  3  4  5  6  7 |
---------------+----------------------+-----
Summonings     | 5 6 7 |  7.9
Spellcasting   | 3 4 5 |  5.5
Ice Magic      | 1 2 3 |  3.2
Air Magic      | 1 |  1.9
Dodging        | |  2.1
Stealth        | |  1.7

Action                   |  1- 3 |  4- 6 |  7- 9 || total
-------------------------+-------+-------+-------++-------
Melee: Mace              |   143 |   134 |       ||   277
       War axe           |       |    24 |    26 ||    50
       Flail             |       |       |    10 ||    10
 Cast: Call Imp          |     6 |    21 |     3 ||    30
       Call Canine Famil |       |    12 |     7 ||    19
       Summon Ice Beast  |       |     3 |     3 ||     6
  Use: Scroll            |     2 |     2 |     4 ||     8
       Potion            |       |     2 |       ||     2
 Stab: Sleeping          |     2 |     2 |       ||     4
       Distracted        |     1 |     1 |     1 ||     3
  Eat: Chunk             |     4 |    11 |       ||    15
       Ration            |       |       |     2 ||     2
Armor: Robe              |    53 |    69 |     9 ||   131
Dodge: Dodged            |   126 |   156 |    50 ||   332

Table legend:
 A = Non-vault XP
 B = Vault XP
 C = Vault XP percentage of total XP
 D = Non-vault monster count
 E = Vault monster count
 F = Vault count percentage of total count
                 A         B        C        D         E       F
            +---------+---------+-------+---------+---------+-------
      Total |     783 |     209 |  21.1 |     100 |      28 |  21.9
            +---------+---------+-------+---------+---------+-------
        D:1 |      47 |      13 |  21.7 |      26 |      11 |  29.7
        D:2 |      64 |       0 |   0.0 |      24 |       0 |   0.0
        D:3 |     116 |      32 |  21.6 |      11 |       5 |  31.2
        D:4 |     136 |      77 |  36.2 |      19 |       1 |   5.0
        D:5 |     145 |       0 |   0.0 |       9 |       0 |   0.0
        D:6 |     275 |       0 |   0.0 |      11 |       0 |   0.0
      Sewer |       0 |      87 | 100.0 |       0 |      11 | 100.0
            +---------+---------+-------+---------+---------+-------
